 Dungeon Crawl Stone Soup version 0.23.2-40-g277498a001 (webtiles) character file.

Game seed: 11906602725429542458

586 Descartes the Digger (level 7, -3/51 HPs)
             Began as a Formicid Earth Elementalist on Sept 4, 2019.
             Slain by Pikel
             ... wielding a +0 whip of electrocution
              (19 damage)
             ... on level 3 of the Dungeon.
             The game lasted 00:17:27 (6909 turns).

Descartes the Digger (Formicid Earth Elementalist)  Turns: 6909, Time: 00:17:27

Health: -3/51      AC:  3    Str: 13    XL:     7   Next: 65%
Magic:  11/12      EV: 12    Int: 16    God:
Gold:   214        SH:  0    Dex: 11    Spells: 7/13 levels left

rFire    . . .     SeeInvis +   m - +2 short sword (speed)
rCold    . . .     Gourm    .   (no shield)
rNeg     + . .     Faith    .   k - +0 leather armour
rPois    .         Spirit   .   (helmet unavailable)
rElec    .         Reflect  .   (no cloak)
rCorr    .         Harm     .   (no gloves)
MR       .....                  (no boots)
Stlth    ++........             (no amulet)
HPRegen  0.17/turn              (no ring)
MPRegen  0.13/turn              h - ring of positive energy

@: no status effects
A: permanent stasis, dig shafts and tunnels, four strong arms, antennae 3
a: Dig, Shaft Self


You were on level 3 of the Dungeon.
You were hungry.

You visited 1 branch of the dungeon, and saw 4 of its levels.

You collected 214 gold pieces.

Inventory:

Hand Weapons
 m - a +2 short sword of speed (weapon)
 r - a +1 morningstar of draining
 w - a +0 rapier
Missiles
 b - 118 stones
 e - 43 sling bullets
 l - 20 bolts
 t - 2 tomahawks (quivered)
Armour
 c - a +0 robe
 k - a +0 leather armour (worn)
Jewellery
 h - a ring of positive energy (right hand)
Wands
 s - a wand of polymorph (10)
 x - a wand of flame (27)
Scrolls
 a - 8 scrolls of identify
 i - 3 scrolls of amnesia
 j - 3 scrolls of fog
 n - 2 scrolls of remove curse
 o - a scroll of noise
 q - 3 scrolls of enchant weapon
Potions
 f - 2 potions of magic
 g - a potion of agility
 p - 3 potions of curing
 u - a potion of heal wounds
Comestibles
 d - 5 rations
 v - 3 chunks of flesh


   Skills:
 + Level 2.3 Fighting
 + Level 1.2 Short Blades
 + Level 2.4 Armour
 + Level 2.7 Dodging
 + Level 4.0 Stealth
 * Level 3.7 Spellcasting
 * Level 2.0 Conjurations
 * Level 2.6 Transmutations
 * Level 5.2 Earth Magic


You had 7 spell levels left.
You knew the following spells:

 Your Spells              Type           Power        Failure   Level  Hunger
a - Sandblast             Erth           ###...       2%          1    None
b - Stone Arrow           Conj/Erth      ##....       16%         3    ###....
c - Passwall              Tmut/Erth      ###.....     7%          2    ##.....

Your spell library contained the following spells:

 Spells                   Type           Power        Failure   Level  Hunger
 Petrify                  Tmut/Erth      ###.....     41%         4    ####...
 Lee's Rapid Deconstruct  Erth           ###.......   58%         5    ######.


Dungeon Overview and Level Annotations

Branches:
Dungeon (4/15)
 Temple: D:4-7

Altars:

Annotations:
D:3 Pikel


Innate Abilities, Weirdness & Mutations

You cannot be hasted, slowed, berserked, paralysed or teleported.
You can dig through walls and to a lower floor.
Your four strong arms can wield two-handed weapons with a shield.
You have a pair of large antennae on your head. (SInv)


Message History

Pikel barely misses you.
Pikel says, "Who am I kidding?
They'll work you to death!"
You see here a cursed +0 animal skin.
Casting: Sandblast (safe; 2% risk of failure)
Confirm with . or Enter, or press ? or * to list all spells.
Aiming: Sandblast (safe; 2% risk of failure)
Press: ? - help, Shift-Dir - straight line, f - Pikel
Aim: Pikel, wielding a +0 whip of electrocution and wearing a +2 robe of fire resistance The blast of sand misses Pikel.
b - 118 stones You hit Pikel but do no damage.
Pikel hits you with a +0 whip of electrocution.
You are electrocuted!
You closely miss Pikel.
Pikel hits you with a +0 whip of electrocution!
You hit Pikel.
Pikel is lightly wounded.
Pikel hits you with a +0 whip of electrocution!
You are electrocuted!!
You die...

....######.#####...##
#.....#### .#### #.# #####
###.....# .## #.# #####.#
..##### #.# #####.# ......# #.#
##### #...#.# #..##.# #.#
#...###...#.# ##.##.# #.#
#.#...#...#.# #..#.# #.#
#####...#.#..)#.#
##.#.####.#####@[...#...).....#
#...........[K.).....#..######
#...####.########..#....# #>..#
#.# #....#..# #...# #.#
#.[#....#
#...####.#########...#.##
#..................#...#
#.#.####.#########...#.# ###
#.#.# #.# #.#...# #..


You could see Pikel.

Vanquished Creatures
  2 slaves
  A crimson imp (D:4)
  5 orc wizards
  An orc priest (D:2)
  2 bullfrog skeletons (D:4)
  2 worker ants (D:4)
  8 gnolls
  7 adders
  3 oozes
  2 worms
  5 dart slugs
  A leopard gecko (D:2)
  15 orcs
  11 bats
  18 giant cockroaches
  5 goblins
  6 hobgoblins
  4 jackals
  A quokka (D:3)
  3 frilled lizards
  7 kobolds
  9 rats
118 creatures vanquished.

Notes
Turn   | Place    | Note
-------+----------+-------------------------------------------
     0 | D:1      | Descartes the Formicid Earth Elementalist began the quest
                  | for the Orb.
     0 | D:1      | Reached XP level 1. HP: 13/13 MP: 3/3
   346 | D:1      | Reached XP level 2. HP: 20/20 MP: 3/5
   568 | D:1      | Reached skill level 1 in Fighting
   568 | D:1      | Reached XP level 3. HP: 26/26 MP: 3/6
   828 | D:1      | Reached skill level 1 in Armour
  1273 | D:2      | Learned a level 3 spell: Stone Arrow
  1299 | D:2      | Reached skill level 4 in Earth Magic
  1338 | D:2      | Reached XP level 4. HP: 21/32 MP: 7/7
  1732 | D:2      | Reached XP level 5. HP: 24/37 MP: 7/9
  2764 | D:3      | Reached skill level 1 in Conjurations
  2868 | D:3      | Learned a level 2 spell: Passwall
  3415 | D:3      | Reached XP level 6. HP: 8/44 MP: 10/10
  4660 | D:3      | Reached skill level 1 in Short Blades
  4660 | D:3      | Reached XP level 7. HP: 40/50 MP: 10/12
  5109 | D:4      | Noticed Pikel
  5145 | D:3      | HP: 1/50 [slave[Pikel] (5)]
  5988 | D:4      | Reached skill level 5 in Earth Magic
  6909 | D:3      | Slain by Pikel

Skill      XL: |  1  2  3  4  5  6  7 |
---------------+----------------------+-----
Fighting       | 1 2 |  2.3
Dodging        | 2 |  2.7
Armour         | 1 2 |  2.4
Stealth        | 3 4 |  4.0
Earth Magic    | 4 5 |  5.2
Conjurations   | 1 2 |  2.0
Spellcasting   | 3 |  3.7
Transmutations | 2 |  2.6
Short Blades   | 1 |  1.2

Action                   |  1- 3 |  4- 6 |  7- 9 || total
-------------------------+-------+-------+-------++-------
Melee: Unarmed           |    19 |       |       ||    19
       Short sword       |    33 |   270 |   192 ||   495
       Morningstar       |       |    36 |       ||    36
 Cast: Sandblast         |    21 |     3 |    12 ||    36
       Stone Arrow       |       |       |     1 ||     1
  Use: Scroll            |     5 |     7 |       ||    12
 Stab: Sleeping          |     5 |     3 |     2 ||    10
       Distracted        |     1 |       |       ||     1
  Eat: Chunk             |     2 |     9 |     8 ||    19
Armor: Robe              |     9 |       |       ||     9
       Leather armour    |     2 |    55 |    28 ||    85
Dodge: Dodged            |    28 |   147 |    76 ||   251
